[Event "*** Titled Tuesday Blitz"]
[Site "Chess.com"]
[Date "2019.11.05"]
[Round "6"]
[White "KL31"]
[Black "Godzillator"]
[Result "1/2-1/2"]
[WhiteElo "2493"]
[BlackElo "2303"]
[TimeControl "180+2"]
[EndTime "14:23:17 PST"]
[Termination "Game drawn - insufficient material"]

1. d4 d5 2. Nf3 Nf6 3. Bf4 c5 4. e3 cxd4 5. exd4 Nc6 6. c3 Bg4 7. Qb3 Qc8 8. Nbd2 e6 9. Bd3 Be7 10. O-O Bh5 11. Rfe1 O-O 12. Rac1 Bg6 13. Bxg6 hxg6 14.
c4 Na5 15. Qd3 dxc4 16. Nxc4 Nxc4 17. Rxc4 Qd8 18. Bc7 Qe8 19. Be5 Nd5 20. Rec1 Qd7 21. h4 Rfc8 22. Qc2 Nb6 23. Rc7 Rxc7 24. Qxc7 Bd8 25.
Qxd7 Nxd7 26. Bd6 Nb6 27. g3 Rc8 28. Rxc8 Nxc8 29. Bb8 Bb6 30. Kf1 Ne7 31. Bd6 Nc6 32. Bc5 Bc7 33. Ke2 b6 34. Ba3 f6 35. Kd3 Na5 36.
b4 Nb7 37. b5 Bd6 38. Bb2 Kf7 39. a4 Bb4 40. Kc4 Be7 41. g4 Nd6+ 42. Kd3 Ke8 43. Ba3 Nb7 44. Bxe7 Kxe7 45. Nd2 Nd6 46. f4 Kd7 47. Ke3 f5 48. g5 Kc7 49. d5 Kd7 50. dxe6+ Kxe6 51. Kd4 Nb7 52. Nf3 Nc5 53. Ne5 Nxa4 54.
Nxg6 Nc5 55. h5 Nb3+ 56. Kc3 Nc5 57. Kd4 Ne4 58. h6 gxh6 59. gxh6 Nf6 60. Nf8+ Kf7 61. Ke5 Ng4+ 62. Kxf5 Nxh6+ 63. Kg5 Ng8 64. Ng6 Ke6 65. f5+ Kd5 66. Kf4 Kc5 67. Ke5 Kxb5 68. Ke6 a5 69. Ne7 Nh6 70. f6 a4 71. Nf5 a3 72. Nxh6 a2 73. f7 a1=Q 74. f8=Q Qe1+ 75. Kf6 Qf2+ 76. Nf5 Qb2+ 77. Ke6 Qb3+ 78. Ke5 Qc3+ 79. Ke4 Qc4+ 80. Nd4+ Ka4 81. Qa8+ Kb4 82. Qf8+ Ka4 83. Ke3 Qc3+ 84. Ke4 Qb4 85. Qe8+ b5 86. Kd3 Qc4+ 87. Ke3 Kb4 88. Qxb5+ Qxb5 89. Nxb5 1/2-1/2

[Event "*** Titled Tuesday Blitz"]
[Site "Chess.com"]
[Date "2019.11.05"]
[Round "6"]
[White "cherryandmint"]
[Black "Crazy_girl99"]
[Result "1/2-1/2"]
[WhiteElo "2811"]
[BlackElo "2527"]
[TimeControl "180+2"]
[EndTime "14:23:21 PST"]
[Termination "Game drawn by repetition"]

1. e4 e5 2. Nf3 Nc6 3. Bb5 a6 4. Ba4 Nf6 5. O-O Be7 6. d3 b5 7. Bb3 d6 8. a3 O-O 9. Nc3 Na5 10. Ba2 c5 11. b4 Nc6 12. Nd5 Be6 13. Be3 Bxd5 14.
exd5 Nd4 15. bxc5 Nxf3+ 16. Qxf3 dxc5 17. a4 Bd6 18. Bg5 h6 19. Bh4 Re8 20. Bb3 Qe7 21. Rfe1 g5 22. Bg3 Nd7 23. axb5 axb5 24. c4 b4 25. Ba4 Red8 26. Bc6 Rxa1 27. Rxa1 Qf6 28. Qg4 Nf8 29. Ra6 Qg6 30. Qe2 Qf5 31. Bb5 Ng6 32. Qe4 Qc8 33. Rc6 Qa8 34. Ra6 Qc8 35.
f3 Qc7 36. Qe1 Kg7 37. Qa1 Qe7 38. Ra7 Qf6 39. Bf2 h5 40. Ra6 Qe7 41. Ra7 Qf6 42.
Ra6 Rc8 43. Bc6 Qe7 44. Ra7 Rc7 45. Ra5 Nf4 46. Qb1 Ne2+ 47. Kf1 Nf4 48. g3 Ng6 49.
Qc1 Qf6 50. Qe3 Re7 51. Qe4 h4 52. Ba4 hxg3 53. hxg3 Rc7 54. Ra6 Rc8 55. Bc2 Qe7 56. Ke2 Rh8 57. Bd1 Qd7 58. Ba4 Qe7 59. Kf1 Rh2 60. Kg1 Rh8 61. Kg2 Qc7 62. Be3 Qe7 63. Qf5 Rh5 64. Qg4 Kh6 65. Ra8 f6 66. Rg8 e4 67.
dxe4 Qe5 68. Be8 Qb2+ 69. Bf2 Rh2+ 70. Kxh2 Qxf2+ 71. Kh1 Qf1+ 72. Kh2 Qf2+ 73. Kh1 Qf1+ 74. Kh2 Qf2+ 1/2-1/2

[Event "*** Titled Tuesday Blitz"]
[Site "Chess.com"]
[Date "2019.11.05"]
[Round "6"]
[White "VincentKeymer"]
[Black "Slovak_fighter2000"]
[Result "1-0"]
[WhiteElo "2543"]
[BlackElo "2402"]
[TimeControl "180+2"]
[EndTime "14:23:27 PST"]
[Termination "VincentKeymer won by checkmate"]

1. Nf3 Nf6 2. e3 d5 3. c4 c6 4. b3 Bg4 5. Bb2 e6 6. h3 Bh5 7. Be2 Nbd7 8. d3 Be7 9. Nbd2 a5 10. O-O O-O 11. e4 dxe4 12. dxe4 Nc5 13. e5 Nfe4 14.
Nxe4 Nxe4 15. Qc2 Bg6 16. Rad1 Qc7 17. Bd3 Nc5 18. Bxg6 hxg6 19. Ba3 b6 20. g3 Rad8 21. Kg2 Rxd1 22. Rxd1 Rd8 23. h4 Kf8 24. Rd2 Rxd2 25. Qxd2 Ke8 26. Qd1 Qd7 27. Qd4 Qxd4 28. Nxd4 Kd7 29.
Bxc5 Bxc5 30. Nf3 b5 31. g4 a4 32. Kg3 axb3 33. axb3 bxc4 34. bxc4 Ke7 35. Nd2 Bd4 36. f4 Bc3 37. Ne4 Be1+ 38. Kh3 Bb4 39. Nf2 Bd2 40.
Nd3 Be3 41. Kg3 Bd2 42. Kf3 Ba5 43. Ke4 Bb6 44. Nb4 Kd7 45. h5 gxh5 46. gxh5 Bf2 47.
Nd3 Bb6 48. f5 exf5+ 49. Kxf5 Bd4 50. Nf4 Ke7 51. Nh3 g6+ 52. Ke4 Bb2 53. h6 Kf8 54.
Ng5 Bc1 55. h7 Kg7 56. Nxf7 Kxh7 57. Nd8 c5 58. Ne6 Ba3 59. Kd5 Kg8 60. Nxc5 Kf7 61.
Ne4 Ke7 62. c5 Bb4 63. c6 Ba5 64. Ng5 Bb6 65. Nh3 Bc7 66. Nf4 g5 67. Nh5 g4 68.
Ng3 Bb6 69. Nf5+ Kd8 70. e6 Bc7 71. e7+ Ke8 72. Ke6 Be5 73. c7 Bxc7 74. Ng7# 1-0

[Event "*** Titled Tuesday Blitz"]
[Site "Chess.com"]
[Date "2019.11.05"]
[Round "6"]
[White "joshdaruca"]
[Black "Cruel_Yaro"]
[Result "0-1"]
[WhiteElo "2689"]
[BlackElo "2871"]
[TimeControl "180+2"]
[EndTime "14:23:30 PST"]
[Termination "Cruel_Yaro won by resignation"]

1. Nf3 e6 2. g3 f5 3. Bg2 Nf6 4. O-O d5 5. c4 c6 6. d4 Bd6 7.
Nc3 O-O 8. Bf4 Bxf4 9. gxf4 b6 10.
Ne5 Ba6 11. b3 Qd6 12. Rc1 Nbd7 13. Qd3 Bb7 14. Rfd1 Rac8 15. Na4 Ne4 16. f3 Nef6 17. c5 Qb8 18. e3 Kh8 19. b4 b5 20. Nc3 Nxe5 21.
dxe5 Nh5 22. Ne2 g5 23. fxg5 Qxe5 24. f4 Qc7 25. Ng3 Ng7 26. a4 bxa4 27. Ra1 e5 28. Ne2 Rce8 29. Rxa4 a6 30. Rf1 Re7 31. Ng3 Bc8 32.
Ra2 Rfe8 33. Raf2 Qb7 34. Qc3 Qc7 35. Qa1 Qb8 36. Rb1 Kg8 37. h4 d4 38. exd4 exf4 39.
Nf1 Bb7 40. Qa2+ Kh8 41. Qd2 Ne6 42. d5 cxd5 43. Bxd5 Bxd5 44. Qxd5 Rd8 45. Qxf5 Rf8 46. Qd3 Qe5 47. Re2 Qg7 48. Rbe1 f3 49. Rf2 Nxg5 50.
Rxe7 Nh3+ 51. Kh2 Nxf2 52. Rxg7 Nxd3 53. Rb7 Rg8 54. Ng3 f2 55. Nf1 Rg1 56. Ne3 Re1 57. Rb8+ Kg7 58. Nf5+ Kg6 59. Ng3 f1=Q 60. Nxf1 Rxf1 61.
Rb6+ Kh5 62. Rxa6 Nxb4 63. Rb6 Nd5 64. Rb7 h6 65. Rd7 Nf4 66. c6 Rc1 67. Kg3 Ne6 68. Rd5+ Kg6 69. Rd6 Kf5 70. Kf3 Rxc6 71. Rd5+ Kg6 72. h5+ Kf6 73. Kg4 Rc4+ 74. Kh3 Nf4+ 0-1

[Event "*** Titled Tuesday Blitz"]
[Site "Chess.com"]
[Date "2019.11.05"]
[Round "6"]
[White "StockholmMissile"]
[Black "r31415"]
[Result "1-0"]
[WhiteElo "2301"]
[BlackElo "2412"]
[TimeControl "180+2"]
[EndTime "14:23:39 PST"]
[Termination "StockholmMissile won by checkmate"]

1. d4 d6 2. e4 Nf6 3. Nd2 e5 4.
Ngf3 Nbd7 5. c3 Be7 6. Bd3 O-O 7.
O-O Re8 8. Re1 Bf8 9. a4 a5 10. Nf1 b6 11. Ng3 Bb7 12. d5 c6 13. dxc6 Bxc6 14.
Bb5 Qc7 15. Qc2 Rad8 16. h3 Nc5 17. Bg5 Ncd7 18. Rad1 g6 19. Qb3 Nc5 20. Qc4 Be7 21. Bxc6 Qxc6 22. Qb5 Qxb5 23. axb5 Kg7 24. Nd2 h6 25.
Bxf6+ Kxf6 26. Nc4 Ke6 27. Nf1 Rb8 28. Nfe3 Rec8 29.
f3 Rb7 30. Re2 Rcb8 31. Red2 Rd7 32. Nd5 Bd8 33. b4 axb4 34. Nxb4 Ra8 35. Rxd6+ Rxd6 36. Rxd6+ Ke7 37. Nc6+ Ke8 38. Rxd8+ Rxd8 39. Nxd8 Kxd8 40. Nxb6 f5 41. exf5 gxf5 42. Nc4 e4 43. fxe4 Nxe4 44.
Ne3 Nxc3 45. Nxf5 Nxb5 46. Nxh6 Ke7 47. Kh2 Kf6 48. Ng4+ Kg5 49. Kg3 Nd4 50. h4+ Kh5 51. Nf6+ Kg6 52. Ne4 Kh5 53. Kh3 Kg6 54. g4 Nf3 55.
Kg3 Nd4 56. Kf4 Ne2+ 57. Ke3 Ng1 58. Ng5 Kf6 59. Kf2 Ke5 60. Kxg1 Kf4 61. Nf3 Kxg4 62. Kh2 Kf4 63. Kh3 Kf5 64. h5 Kf6 65. Kh4 Kg7 66.
Kg5 Kh7 67. Ne5 Kg8 68. Ng4 Kh8 69. Kg6 Kg8 70. h6 Kh8 71. Ne5 Kg8 72. h7+ Kf8 73. h8=Q+ Ke7 74. Qf6+ Ke8 75. Qe6+ Kd8 76. Nf7+ Kc7 77.
Qd6+ Kb7 78. Kf6 Kc8 79. Ke6 Kb7 80. Kd7 Ka8 81. Kc7 Ka7 82. Qb6+ Ka8 83. Qa6# 1-0

[Event "*** Titled Tuesday Blitz"]
[Site "Chess.com"]
[Date "2019.11.05"]
[Round "6"]
[White "SaraciNderim"]
[Black "wonderfultime"]
[Result "1/2-1/2"]
[WhiteElo "2819"]
[BlackElo "2953"]
[TimeControl "180+2"]
[EndTime "14:23:55 PST"]
[Termination "Game drawn by agreement"]

1. d4 Nf6 2. Nf3 e6 3. g3 b5 4. Bg2 Bb7 5. O-O Be7 6. e3 O-O 7. b3 d6 8. Bb2 Nbd7 9. Nbd2 c5 10. c4 b4 11. a3 a5 12. Qc2 Qb6 13. axb4 axb4 14.
Rfd1 h6 15. Ne1 Bxg2 16. Kxg2 Qb7+ 17. Nef3 Rfc8 18. Rxa8 Rxa8 19. Ra1 Bf8 20. Rxa8 Qxa8 21. Qb1 Qb7 22. h3 Be7 23. Kg1 d5 24. cxd5 Qxd5 25. Qc2 cxd4 26. Bxd4 e5 27. Bb2 Qe6 28. Qc8+ Bf8 29.
Nxe5 Qxh3 30. Nxd7 Nxd7 31. Bd4 Qg4 32. Kg2 h5 33. f3 Qe6 34. Nc4 Qd5 35. Qd8 f6 36. Qe8 Qf7 37. Qa8 Kh7 38. Qc6 Kg8 39. Qb5 g6 40. e4 Qe6 41. e5 fxe5 42. Nxe5 Qxe5 43.
Qxe5 Nxe5 44. Bxe5 Kf7 45. g4 Ke6 46. Bb2 Be7 47.
gxh5 gxh5 48. Kg3 Kf5 49. Bc1 Bg5 50. Bb2 Bf6 51. Bc1 Bg5 52. Bb2 Bd2 53. Bd4 Be1+ 54. Kg2 h4 55. Bc5 Kf4 56. Bb6 Bc3 57. Bd8 Be1 58. Bb6 Ke5 59. Be3 Kf5 60. Kh3 Bg3 61. Bc5 Be1 62. Bd6 Ke6 63. Bc7 Kd5 64. Bd8 Kd4 65. Bxh4 Bd2 66. Bf6+ Kd3 67. Be7 Kc2 68. Kg4 Kxb3 69. f4 Kc4 70. Bxb4 Bxb4 71. f5 1/2-1/2

[Event "*** Titled Tuesday Blitz"]
[Site "Chess.com"]
[Date "2019.11.05"]
[Round "6"]
[White "vlad10898"]
[Black "JonahWillow"]
[Result "1-0"]
[WhiteElo "2676"]
[BlackElo "2789"]
[TimeControl "180+2"]
[EndTime "14:24:12 PST"]
[Termination "vlad10898 won by resignation"]

1. e4 c5 2. Nf3 Nc6 3. d4 cxd4 4.
Nxd4 g6 5. c4 Nf6 6. Nc3 d6 7. Be2 Nxd4 8. Qxd4 Bg7 9. Be3 O-O 10.
Qd2 a5 11. f3 a4 12. Kf2 Qa5 13. Rac1 Be6 14. Nd5 Bxd5 15. Qxa5 Rxa5 16. cxd5 Nd7 17. Rc7 Nc5 18. Rxe7 Bxb2 19. Bf4 Bd4+ 20. Kg3 Rd8 21. Rc7 a3 22. h4 h5 23. Rb1 Ra4 24. Kh3 Bf2 25.
Bg5 Rda8 26. Be7 f5 27. Bxd6 Nxe4 28. fxe4 Rxe4 29. g3 Rxe2 30. Rbxb7 Bd4 31. Bxa3 Rxa2 32. d6 R2xa3 33. d7 Rd8 34. Rb8 Bf6 35. Rcc8 Kg7 36. Rxd8 Bxd8 37. Rxd8 Rd3 38. Kg2 Kf6 39. Rf8+ Ke7 40.
Rg8 Rd6 41. d8=Q+ Rxd8 42. Rxg6 Rh8 43. Kf3 Kf7 44. Ra6 Rg8 45. Rh6 Ra8 46. Kf4 Ra3 47. Rxh5 Ke6 48. Rh6+ Kf7 49. Rb6 Kg7 50. h5 Rc3 51. Rb5 Rc4+ 52. Kxf5 Kh6 53. g4 Rc6 54. Re5 Rc3 55. Re6+ Kg7 56. Rg6+ Kf7 57. Kg5 Rc5+ 58. Kh4 Rc1 59. Ra6 Kg7 60. h6+ Kh7 61. Kh5 Rh1+ 62.
Kg5 Kh8 63. Ra7 Rb1 64. Kh5 Rb5+ 65. g5 Rc5 66. Rf7 Ra5 67. Kg6 Ra6+ 68. Rf6 Ra8 69.
Rc6 Rd8 70. Re6 Ra8 71. Kf5 Ra5+ 72. Re5 Ra1 73. g6 Rf1+ 74. Ke6 Ra1 75. Kf6 Ra6+ 76. Re6 Ra8 77. Rd6 Rb8 78. Ke6 Kg8 79. Ke7 Rb7+ 80. Rd7 1-0

[Event "*** Titled Tuesday Blitz"]
[Site "Chess.com"]
[Date "2019.11.05"]
[Round "6"]
[White "Azatic"]
[Black "LimeInTheCoconut"]
[Result "0-1"]
[WhiteElo "2614"]
[BlackElo "2473"]
[TimeControl "180+2"]
[EndTime "14:25:02 PST"]
[Termination "LimeInTheCoconut won by resignation"]

1. e4 c5 2. Nf3 g6 3. d4 cxd4 4. Nxd4 Nc6 5. Nc3 Bg7 6. Nb3 Bxc3+ 7. bxc3 d6 8. Bb2 f6 9. Bc4 Ne5 10. Be2 Nh6 11. h3 Nhf7 12. f4 Nc6 13. O-O O-O 14. Kh1 e5 15. fxe5 fxe5 16. Bc4 Qe7 17. Qd5 Nd8 18.
Nd2 Be6 19. Qd3 Bxc4 20. Nxc4 Ne6 21. Ba3 Rad8 22. Ne3 Nf4 23. Qd2 Qg5 24. Nd5 Nxd5 25. Qxd5 Kg7 26. Qxb7 Kg8 27. Qd5 Kg7 28. Rab1 Rd7 29.
Rb7 Qe7 30. Rxd7 Qxd7 31. c4 Qc7 32. Bb4 Rc8 33. c5 dxc5 34. Bc3 Re8 35. Rb1 Rd8 36.
Qb7 Rd1+ 37. Kh2 Qxb7 38. Rxb7 Kf6 39. Rxa7 Rc1 40. Ra6+ Ke7 41. a4 Rxc2 42. Ba1 Rc1 43. Bb2 Rc2 44. Ba3 Rc3 45. Ra7+ Ke6 46. Bb2 Rc2 47.
Rb7 c4 48. a5 c3 49. Ba3 Ra2 50. Bb4 c2 51. Rc7 Ng5 52. a6 Rxa6 53. Rxc2 Nxe4 54. Re2 Nf6 55. Bc3 Nd7 56. Bb2 Rb6 57. Ba1 Rb5 58. Kg3 h5 59. Kh4 Kf6 60. Rf2+ Kg7 61. Rd2 Rb7 62.
Kg5 Kf7 63. Rf2+ Kg7 64. Rd2 Kf7 65. Rd6 Nf8 66. Rf6+ Kg7 67. Bxe5 Nh7+ 68. Kf4 Nxf6 69. g4 hxg4 70. hxg4 g5+ 71. Kxg5 Rb5 72. Kf4 Kg6 73. Bc3 Rc5 74. Bd2 Rc4+ 75. Ke3 Rxg4 76. Kf3 Kf5 77. Ba5 Nd5 78. Ke2 Ke4 79. Kd2 Rg2+ 80. Kc1 Kd3 81. Kb1 Kc4 82. Kc1 Ne3 83. Bd2 Kd3 84. Bb4 Rc2+ 85.
Kb1 Nc4 86. Ka1 Rb2 87. Bc3 Rg2 88. Bf6 Na5 89. Kb1 Kc4 90. Bb2 Kb3 91. Bc1 Rg1 0-1

[Event "*** Titled Tuesday Blitz"]
[Site "Chess.com"]
[Date "2019.11.05"]
[Round "6"]
[White "Firouzja2003"]
[Black "Genghis_K"]
[Result "1/2-1/2"]
[WhiteElo "3070"]
[BlackElo "2915"]
[TimeControl "180+2"]
[EndTime "14:25:13 PST"]
[Termination "Game drawn by repetition"]

1. e4 c6 2. Nf3 d5 3. Nc3 dxe4 4.
Nxe4 Nf6 5. Qe2 Nxe4 6. Qxe4 Qa5 7. Bd3 Nd7 8. b4 Qd5 9. Qe2 Nf6 10. Bc4 Qh5 11.
Bb2 Bg4 12. b5 c5 13. O-O-O e6 14. h3 Bxf3 15. gxf3 Be7 16. Rdg1 Qh6 17. h4 Nh5 18.
Qe3 Qxe3 19. fxe3 Bf6 20. Ba3 b6 21. f4 g6 22. Be2 Ng7 23. Bf3 O-O-O 24. e4 h5 25. c3 Rd3 26. Be2 Rd7 27. Bc4 Rhd8 28. Rg2 Ne8 29. Bf1 Be7 30. e5 Ng7 31. Kc2 Nf5 32.
Bc1 Nxh4 33. Rf2 Nf5 34. Bg2 Rd3 35. a4 h4 36. Rh3 Rxh3 37. Bxh3 Ng3 38. d3 Nf5 39. Rf3 Kb7 40. Bd2 a6 41. Rf1 a5 42.
Rf3 Kc7 43. Rf1 Rh8 44. Rf3 Rd8 45. Rf1 f6 46. Rg1 fxe5 47. Rxg6 Kd7 48. fxe5 Rf8 49. Kb3 Rf7 50. Kc4 Rf8 51. Bc1 Rf7 52. Bf4 Nd6+ 53. exd6 Rxf4+ 54. Kb3 Bxd6 55. Bxe6+ Kc7 56. Rg7+ Kb8 57.
Bd5 Kc8 58. Rh7 Kd8 59. Bc6 c4+ 60. dxc4 Bc5 61. Bd5 Kc8 62. Be6+ Kd8 63. Rd7+ Ke8 64. Rc7 Kd8 65. Rd7+ Ke8 66. Rd5 Ke7 67. Bc8 Rf3 68. Rd7+ Ke8 69. Rd5 Bb4 70. Kb2 Rxc3 71. Rd4 h3 72. Rh4 h2 73. Rxh2 Rxc4 74. Be6 Re4 75. Bd5 Rd4 76. Bb3 Bc5 77. Kc2 Rf4 78. Rh6 Ke7 79. Rc6 Rf2+ 80. Kd3 Rf3+ 81. Kc4 Rf4+ 82. Kd5 Rd4+ 83. Ke5 Rb4 84. Bc2 Rc4 85. Bb3 Bd4+ 86.
Kd5 Rxc6 87. bxc6 Bc5 88. Bd1 Kd8 89. Bg4 Kc7 90. Kc4 Be3 91. Kb5 Bc5 92. Bf3 Be3 93. Be2 Bc5 94. Bd3 Be3 95. Bc2 Bc5 96. Bd1 Be3 97.
Bf3 Bc5 98. Kc4 Be3 99. Be4 Bc5 100. Bg2 Be3 101. Bh1 Bc5 102. Be4 Be3 103. Bd5 Bc5 104. Bg2 Be3 105. Bh1 Bc5 106. Kd3 Bd6 107. Ke3 Bc5+ 108. Kd3 Bd6 109. Kc4 Bc5 1/2-1/2

[Event "*** Titled Tuesday Blitz"]
[Site "Chess.com"]
[Date "2019.11.05"]
[Round "6"]
[White "DrVitman"]
[Black "esskeettit"]
[Result "1-0"]
[WhiteElo "2716"]
[BlackElo "2439"]
[TimeControl "180+2"]
[EndTime "14:26:29 PST"]
[Termination "DrVitman won on time"]

1. e4 e5 2. Nf3 Nc6 3. Bb5 Nf6 4. Bxc6 dxc6 5. d3 Bg4 6. Nbd2 Bd6 7. h3 Bxf3 8. Qxf3 Qe7 9. Nc4 h6 10. Ne3 g6 11. Ng4 Ng8 12. Bd2 O-O-O 13. O-O-O Rf8 14.
Ne3 Qe6 15. Kb1 f5 16. exf5 gxf5 17. Rhe1 Ne7 18. Bc3 Rhg8 19. g3 f4 20. gxf4 Rxf4 21. Qh5 Rxf2 22. Ng4 Rf5 23. Qxh6 Rg6 24. Qh4 Nd5 25.
Bd2 b6 26. Ne3 Rf4 27. Qh8+ Rg8 28. Qh5 Nxe3 29. Bxe3 Rf5 30. Qe2 Rh8 31. Qg4 Rg8 32. Qe4 Kb7 33. d4 Rh5 34. d5 cxd5 35. Rxd5 Kb8 36.
Rd3 Rxh3 37. a4 Rhg3 38. a5 R3g4 39. Qh1 Bb4 40. a6 e4 41. Red1 Bd6 42. Rd4 Qc8 43. Rxe4 Rxe4 44. Qxe4 Qxa6 45. Bd4 Qc8 46. Bc3 Re8 47.
Qc6 Re6 48. Qd5 Re8 49. Rg1 Rd8 50. Qc4 Qb7 51. Rd1 Qc8 52. Qe2 Re8 53. Qd3 Qb7 54. Bd4 Qc6 55. Bc3 Kb7 56. b3 a5 57. Bb2 a4 58. Qh3 axb3 59. Qxb3 Re2 60. Qd3 Rg2 61. Qb3 Bf4 62. Qd3 Bd6 63. Qb3 Bf4 64. Bc3 Qe4 65. Bb2 Bd6 66. Qd3 Qxd3 67. Rxd3 Kc6 68. Rc3+ Kd7 69. Rd3 Kc6 70. Rc3+ Kd5 71. Rd3+ Ke4 72.
Rd4+ Ke3 73. Rd3+ Ke2 74. Bd4 Rg6 75. Re3+ Kf1 76. Rf3+ Kg2 77. Rf2+ Kg3 78. Rf7 Re6 79. Kb2 Re4 80. Kc3 c5 81. Bf6 Re6 82. Kc4 b5+ 83. Kxb5 Kg4 84. Bd8 Be5 85. Bb6 Re8 86. Bxc5 Rc8 87.
c4 Rb8+ 88. Bb6 Bd4 89. c5 Be5 90. Rd7 Rc8 91. Rf7 Bf4 92. c6 Be5 93. Kc5 Bf4 94.
Kd5 Bb8 95. Rd7 Bf4 96. Rd8 Rxd8+ 97. Bxd8 Kf5 98. Bh4 Bc7 99. Be7 Ba5 100. Kd6 Bb6 101. Kd7 Ke5 102. Bd8 1-0

[Event "*** Titled Tuesday Blitz"]
[Site "Chess.com"]
[Date "2019.11.05"]
[Round "6"]
[White "GianmarcoVaR"]
[Black "temus_galaktionov"]
[Result "0-1"]
[WhiteElo "2526"]
[BlackElo "2694"]
[TimeControl "180+2"]
[EndTime "14:28:55 PST"]
[Termination "temus_galaktionov won by resignation"]

1. d4 c6 2. c4 g6 3. Nf3 Bg7 4. Nc3 d6 5. g3 Nd7 6. Bg2 Ngf6 7.
O-O O-O 8. e4 e5 9. h3 Re8 10.
Re1 Qc7 11. Be3 b6 12. Qc2 Bb7 13. Rad1 a6 14. b3 Re7 15. Qd2 exd4 16. Nxd4 c5 17. Nde2 Nxe4 18. Nxe4 Bxe4 19. Qxd6 Qxd6 20. Rxd6 Bxg2 21.
Kxg2 Be5 22. Rd3 Bc7 23. Red1 Ne5 24. R3d2 Nc6 25. Nc3 Re6 26. Nd5 Bd8 27. Nf4 Re8 28. h4 Rb8 29. Nd5 Be7 30. Bf4 Rb7 31. Re2 Rc8 32. Nxe7+ Rxe7 33. Rxe7 Nxe7 34. Rd7 Nc6 35. Rb7 Nb4 36. Rxb6 Nxa2 37. Rxa6 Nb4 38. Ra7 Nd3 39. Bd2 Rb8 40. Rd7 Rxb3 41. Bh6 f5 42. Rd8+ Kf7 43.
Rh8 Ne1+ 44. Kf1 Nf3 45. Rxh7+ Ke6 46. Be3 Rc3 47. Bxc5 Rxc4 48. Be3 Ne5 49. Rb7 Ng4 50.
Rb6+ Kf7 51. Rb7+ Kg8 52. Ke2 Ra4 53. Kf3 Ne5+ 54. Kg2 Ng4 55. Bc5 Rc4 56. Rc7 Rc2 57. Bb6 Rb2 58. Bd4 Rd2 59. Bb6 Rd6 60. Bc5 Rd3 61. Kf1 Rc3 62. Bd6 Rd3 63. Bc5 Rc3 64. Bb6 Rd3 65. Ke2 Rb3 66. Bd4 Rb4 67. Bc3 Rb6 68.
Rg7+ Kf8 69. Rc7 Ra6 70. f3 Re6+ 71. Kd3 Nh2 72. Rc8+ Kf7 73. Rc7+ Ke8 74. f4 Nf1 75. Be5 Nxg3 76. Kd4 Ra6 77. Rg7 Ne4 78. Rg8+ Kf7 79. Rg7+ Kf8 80. Rb7 Nd2 81. Rb8+ Ke7 82. Rb7+ Kd8 83.
Kd5 Nf3 84. Bd6 Kc8 85. Rb8+ Kd7 86. Rb7+ Ke8 87. Re7+ Kd8 88. Rh7 Nd2 89. Ke6 Kc8 90.
Rh8+ Kb7 91. Rb8+ Ka7 92. Rb4 Ne4 93. Rd4 Kb7 94. Ke7 Kc6 95. Be5 Ra2 96. Kf7 Rg2 97. Rc4+ Kd5 98. Rd4+ Kc5 99. Rd8 Rg4 100. Rh8 Kc4 101.
Rh6 Kd3 102. Rxg6 Rxh4 103. Ke6 Rh5 104. Rg1 Nc5+ 105. Kd5 Ne4 106. Ke6 Ke3 107. Kf7 Kf2 108. Ra1 Ng3 109. Ra2+ Kf3 110. Ra3+ Kg4 111. Kg6 Rh1 112. Ra8 Rb1 113. Ra6 Ne2 114. Ra2 Rb6+ 115. Kf7 Ng3 116. Ra8 Rb4 117. Rg8+ Kf3 118. Kf6 Rb6+ 119. Kg5 Rb1 120. Ra8 Rb3 121. Ra4 Rd3 122. Rb4 Ra3 123. Rb5 Rd3 124. Rb7 Ke4 125. Rh7 Rd8 126. Rh3 Rg8+ 127. Kf6 Ne2 128. Kf7 Ra8 129. Rb3 Ra4 130. Kf6 Nxf4 131. Bxf4 Kxf4 132. Rb5 Ra6+ 133. Kg7 Kg4 134. Rb4+ f4 135. Rc4 Kg3 136. Kf7 f3 137. Rc3 Kg2 138. Rb3 f2 139. Rb2 Kg1 140. Ra2 f1=Q+ 0-1

[Event "*** Titled Tuesday Blitz"]
[Site "Chess.com"]
[Date "2019.11.05"]
[Round "7"]
[White "YQPerez"]
[Black "Firouzja2003"]
[Result "1/2-1/2"]
[WhiteElo "2895"]
[BlackElo "3066"]
[TimeControl "180+2"]
[EndTime "14:30:30 PST"]
[Termination "Game drawn by agreement"]

1. c4 Nf6 2. Nc3 e5 3. Nf3 Nc6 4. e3 Bb4 5. Qc2 O-O 6. Nd5 Re8 7. Qf5 d6 8. Nxf6+ Qxf6 9. Qxf6 gxf6 10. a3 Bc5 11. b4 Bb6 1/2-1/2

[Event "*** Titled Tuesday Blitz"]
[Site "Chess.com"]
[Date "2019.11.05"]
[Round "7"]
[White "KhalilMousavi77"]
[Black "Zhuu96"]
[Result "1/2-1/2"]
[WhiteElo "2913"]
[BlackElo "2990"]
[TimeControl "180+2"]
[EndTime "14:30:34 PST"]
[Termination "Game drawn by agreement"]

1. c4 Nf6 2. Nc3 g6 3. g3 Bg7 4. Bg2 O-O 5. e3 c6 6. Nge2 d5 7. cxd5 cxd5 8. d4 Nc6 9. O-O Bf5 10. Nf4 e6 11. b3 Rc8 12. Ba3 Re8 13. Rc1 Qa5 14.
Bb2 g5 1/2-1/2

[Event "*** Titled Tuesday Blitz"]
[Site "Chess.com"]
[Date "2019.11.05"]
[Round "7"]
[White "kuli4ik"]
[Black "Aygehovit1992"]
[Result "1-0"]
[WhiteElo "2818"]
[BlackElo "2610"]
[TimeControl "180+2"]
[EndTime "14:32:05 PST"]
[Termination "kuli4ik won by resignation"]

1. d4 d6 2. e4 Nf6 3. Nc3 g6 4. f4 Bg7 5. Nf3 O-O 6. e5 dxe5 7. fxe5 Nh5 8. Be2 Bg4 9. O-O Nc6 10. Be3 f6 11. d5 Nxe5 12. Nd4 Bxe2 13. Qxe2 f5 14. Ne6 Qd6 15. Bc5 Qd7 16. Nxg7 1-0

[Event "*** Titled Tuesday Blitz"]
[Site "Chess.com"]
[Date "2019.11.05"]
[Round "7"]
[White "BIG_Pirate"]
[Black "Barcelona_Guy"]
[Result "1-0"]
[WhiteElo "2447"]
[BlackElo "2711"]
[TimeControl "180+2"]
[EndTime "14:32:16 PST"]
[Termination "BIG_Pirate won by resignation"]

1. Nf3 Nf6 2. c4 c5 3. Nc3 Nc6 4. g3 d6 5. Bg2 g6 6. O-O Bg7 7.
a3 h5 8. d3 Bd7 9. Bg5 Rb8 10.
Rb1 a6 11. b4 cxb4 12. axb4 b5 13. cxb5 axb5 14. Nd2 Nh7 15. Nce4 d5 16. Nd6+ Kf8 17. Nxf7 Kxf7 18. Bxd5+ e6 19. Bxd8 Rhxd8 20. Bg2 Rbc8 21. Ne4 Nd4 22. Nd6+ 1-0

[Event "*** Titled Tuesday Blitz"]
[Site "Chess.com"]
[Date "2019.11.05"]
[Round "7"]
[White "RiskyDecision"]
[Black "el-reptiliano"]
[Result "0-1"]
[WhiteElo "2501"]
[BlackElo "2326"]
[TimeControl "180+2"]
[EndTime "14:32:21 PST"]
[Termination "el-reptiliano won by resignation"]

1. d4 d5 2. c4 dxc4 3. e4 e5 4.
Nf3 exd4 5. Bxc4 Nc6 6. O-O Be6 7. Bxe6 fxe6 8. Qb3 Qd7 9. Qxb7 Rb8 10. Qa6 Bd6 11. a3 Nge7 12. Nbd2 O-O 13. b4 e5 14. Qc4+ Kh8 15.
Nb3 Ng6 16. Bd2 Rxf3 17. gxf3 Nh4 0-1

[Event "*** Titled Tuesday Blitz"]
[Site "Chess.com"]
[Date "2019.11.05"]
[Round "7"]
[White "amiralfio"]
[Black "cherryandmint"]
[Result "0-1"]
[WhiteElo "2444"]
[BlackElo "2813"]
[TimeControl "180+2"]
[EndTime "14:33:13 PST"]
[Termination "cherryandmint won by resignation"]

1. e4 c5 2. Nf3 Nc6 3. d4 cxd4 4. Nxd4 Nf6 5. Nc3 e5 6. Ndb5 d6 7. Bg5 a6 8. Na3 b5 9. Nd5 Be7 10. Bxf6 Bxf6 11. c4 b4 12. Nc2 O-O 13. g3 a5 14.
h4 Be6 15. Bh3 g6 16. Nxf6+ Qxf6 17. Qxd6 Rac8 18. Qd2 Rfd8 19. Qe2 Bxh3 20. Rxh3 Nd4 21. Nxd4 Rxd4 22. b3 Rcd8 23. Rc1 Rd2 24. Qxd2 Rxd2 25.
Kxd2 Qxf2+ 26. Kd3 Qf3+ 27. Kd2 Qg2+ 0-1

[Event "*** Titled Tuesday Blitz"]
[Site "Chess.com"]
[Date "2019.11.05"]
[Round "7"]
[White "gemarin"]
[Black "raswi"]
[Result "0-1"]
[WhiteElo "2124"]
[BlackElo "2219"]
[TimeControl "180+2"]
[EndTime "14:33:52 PST"]
[Termination "raswi won by resignation"]

1. d4 Nf6 2. c3 g6 3. Nd2 Bg7 4. e4 O-O 5. e5 Nd5 6. Bc4 Nb6 7.
Bb3 d6 8. exd6 exd6 9. Ne2 Re8 10. O-O Bg4 11. f3 Bd7 12. Ng3 Nc6 13. Nde4 Na5 14.
Bg5 Qc8 15. Bc2 Nd5 16. Re1 h6 17. Bc1 Qd8 18. Qd3 Nf6 19. Nf2 Rxe1+ 20. Nf1 Qe7 21. d5 Bf5 22. Qd2 Bxc2 23. Qxc2 Qe2 24. Qxe2 Rxe2 0-1

[Event "*** Titled Tuesday Blitz"]
[Site "Chess.com"]
[Date "2019.11.05"]
[Round "7"]
[White "Shield12"]
[Black "Bigfish1995"]
[Result "0-1"]
[WhiteElo "2807"]
[BlackElo "3017"]
[TimeControl "180+2"]
[EndTime "14:33:54 PST"]
[Termination "Bigfish1995 won by checkmate"]

1. e4 c6 2. d4 d5 3. exd5 cxd5 4. Bd3 Nc6 5. c3 e6 6. Nf3 Bd6 7. O-O Nge7 8. Re1 Qc7 9. Na3 a6 10. Nc2 Bd7 11. h3 f6 12. Nh4 O-O-O 13. Nf3 g5 14. b4 h5 15. a4 g4 16. Nh4 gxh3 17. b5 Na5 18. bxa6 b6 19. Rb1 Rdg8 20. Qf3 hxg2 21. Nxg2 e5 22. a7 Kb7 23. Qxf6 e4 24. Bf1 h4 25.
Kh1 Rf8 26. Qg5 Rxf2 27. Re2 Rxf1# 0-1

[Event "*** Titled Tuesday Blitz"]
[Site "Chess.com"]
[Date "2019.11.05"]
[Round "7"]
[White "isla88"]
[Black "Sajkochess"]
[Result "1-0"]
[WhiteElo "2182"]
[BlackElo "2305"]
[TimeControl "180+2"]
[EndTime "14:33:57 PST"]
[Termination "isla88 won by resignation"]

1. c4 Nf6 2. Nc3 e6 3. e4 e5 4. Nf3 Nc6 5. d4 exd4 6. Nxd4 Bb4 7. Nxc6 bxc6 8. Qc2 O-O 9. Bd3 d6 10. Bg5 Bc5 11.
O-O-O h6 12. Bh4 Bd4 13. Ne2 Bc5 14. e5 g5 15. Bg3 Nh5 16. exd6 cxd6 17. Bh7+ Kg7 18.
Be5+ f6 19. Qg6+ Kh8 20. Qxh6 1-0